 Dungeon Crawl Stone Soup version 0.31.0-11-ge490571c62 (webtiles) character file.

Game seed: 4259183468773120801

51 Gadfly the Trooper (level 3, -2/29 HPs)
             Began as a Demonspawn Monk on Jan 29, 2024.
             Slain by a quokka (4 damage)
             ... on level 3 of the Dungeon.
             The game lasted 00:02:22 (1431 turns).

Gadfly the Trooper (Demonspawn Monk)                Turns: 1431, Time: 00:02:22

Health: -2/29      AC:  2    Str: 13    XL:     3   Next: 58%
Magic:  3/3        EV:  7    Int: 10    God:
Gold:   126        SH:  0    Dex: 15    Spells: 2/2 levels left

rFire   . .          .
                       - Unarmed
rCold   . . .        c - orb {light}
rNeg    . . .        a - +0 robe
rPois   .            (helmet restricted)
rElec   .            (no cloak)
rCorr   .            (no gloves)
SInv    .            (no boots)
Will    +....        (no amulet)
Stlth   +            (no ring)
HPRegen 0.24/turn    (no ring)
MPRegen 0.08/turn

%: no passive effects
@: enlightened, flying, held, glowing
A: horns 1, demonic guardian 1, evolution 1, MP-powered wands
a: no special abilities


You were on level 3 of the Dungeon.
You visited 1 branch of the dungeon, and saw 3 of its levels.

You collected 126 gold pieces.

Inventory:

Armour
 a - a +0 robe (worn)
 c - an orb of light (worn)
Scrolls
 f - 3 scrolls of fear
 g - 3 scrolls of teleportation
Potions
 e - a potion of haste


   Skills:
 + Level 3.2 Fighting
 + Level 2.9 Dodging
 * Level 3.0 Unarmed Combat
 * Level 1.5 Evocations
 * Level 1.1 Shapeshifting


You had 2 spell levels left.
You didn't know any spells.
Your spell library contained the following spells:

 Spells                   Type           Power      Damage    Failure   Level
 Tukima's Dance           Hex            0%         N/A       75%         3
 Passage of Golubria      Tloc           0%         N/A       98%         4
 Yara's Violent Unravell  Hex/Alch       0%         3d3       100%        5


Dungeon Overview and Level Annotations

Branches:
Dungeon (3/15)

Altars:


Innate Abilities, Weirdness & Mutations

You have a pair of small horns on your head.
A weak demonic guardian rushes to your aid.
You have hidden genetic potential.
You expend magic power (3 MP) to strengthen your wands.


Message History

Unknown command.
The web tears apart.
The ribbon worm barely misses you.
You hit the ribbon worm.
The ribbon worm is moderately wounded.
The bat hits you but does no damage. The ribbon worm bites you.
You hit the ribbon worm. You headbutt the ribbon worm.
The ribbon worm is severely wounded.
The bat barely misses you.
You hit the ribbon worm.
The ribbon worm is almost dead.
The bat hits you but does no damage.
The ribbon worm expels a string of sticky webbing.
The stream of webbing hits you but does no damage.
You are caught in a web!
The quokka bites you.
You struggle to detach yourself from the web.
The bat hits you. The quokka closely misses you. The ribbon worm bites you!
You struggle to detach yourself from the web.
The quokka bites you. The bat hits you.
The ribbon worm expels a string of sticky webbing.
The stream of webbing misses you.
You struggle to detach yourself from the web.
The bat hits you but does no damage. The quokka barely misses you.
You are too injured to fight recklessly!
You struggle to detach yourself from the web.
The quokka bites you. The ribbon worm bites you!
* * * LOW HITPOINT WARNING * * *
A demonic guardian appears!
The bat barely misses you. The quokka bites you.
* * * LOW HITPOINT WARNING * * *
Unknown command.
It was a potion of mutation.
You feel extremely strange.
You feel your magical essence link to the dungeon's wands.
You feel a hidden potential growing inside you.
The bat barely misses you. The ribbon worm barely misses you.
The quokka barely misses you.
Your white imp hits the bat.
Your white imp freezes the bat.
The bat dies!
It was a potion of enlightenment.
You feel very buoyant.
You fly up into the air.
The quokka bites you.
You die...

###...#..# ####
#.....#..# ...
###.###....##.#
#...###†......##
..#............####
.###........(.......
#............##
#........†...#
#####..#.5@w.#
#..#...r......
#......#......
#<......###....
#.......# ...
....#..<# .#
#.#.##.## # ..# #.


You could see a ribbon worm (catching breath, ally target), a quokka and a
friendly white imp (summoned).

Vanquished Creatures
  2 dart slugs (D:1)
  6 bats
  3 endoplasms
  4 giant cockroaches
  5 goblins
  2 hobgoblins (D:1)
  5 quokkas
  4 ball pythons
  5 frilled lizards
  4 kobolds
  2 rats (D:1)
42 creatures vanquished.

Vanquished Creatures (collateral kills)
  A bat (D:3)
1 creature vanquished.

Grand Total: 43 creatures vanquished

Notes
Turn   | Place    | Note
-------+----------+-------------------------------------------
     0 | D:1      | Gadfly the Demonspawn Monk began the quest for the Orb.
     0 | D:1      | Reached XP level 1. HP: 18/18 MP: 1/1
   128 | D:1      | Gained mutation: You have a pair of small horns on your
                  | head. [demonic ancestry]
   128 | D:1      | Reached XP level 2. HP: 16/24 MP: 2/2
   256 | D:1      | Reached skill level 1 in Evocations
   581 | D:1      | Gained mutation: A weak demonic guardian rushes to your
                  | aid. [demonic ancestry]
   581 | D:1      | Reached XP level 3. HP: 29/29 MP: 3/3
   771 | D:2      | Reached skill level 1 in Shapeshifting
  1430 | D:3      | Gained mutation: You expend magic power (3 MP) to
                  | strengthen your wands. [potion of mutation]
  1430 | D:3      | Gained mutation: You have hidden genetic potential. [potion
                  | of mutation]
  1431 | D:3      | Slain by a quokka

Illustrated notes

Levels and vault maps discovered:
D:1:      dpeg_arrival_water_temple_mockup, layout_basic
D:2:      layout_basic
D:3:      minmay_general_purpose_star, layout_rooms, amcnicky_altar_gilded,
          grunt_gozag_statues, gammafunk_temple_overflow_forgotten

Skill      XL: |  1  2  3 |
---------------+----------+-----
Evocations     | 1 |  1.5
Unarmed Combat | 3 |  3.0
Shapeshifting  | 1 |  1.1
Fighting       | |  3.2
Dodging        | |  2.9

Action                     || total
---------------------------++-------
  Melee: Unarmed           ||   125
         Headbutt          ||    16
    Use: Scroll            ||     6
         Potion            ||     3
 Armour: Robe              ||    87
  Dodge: Dodged            ||   110
